 Dungeon Crawl Stone Soup version 0.31-a0-234-gad7ace16ef (webtiles) character file.

Game seed: 13591158690615357092

61 qw the Shooter (level 4, -4/26 HPs)
             Began as a Gargoyle Hexslinger on July 9, 2023.
             Slain by a black bear (5 damage)
             ... on level 3 of the Dungeon.
             The game lasted 00:00:38 (1819 turns).

qw the Shooter (Gargoyle Hexslinger)                Turns: 1819, Time: 00:00:39

Health: -4/26      AC:  8    Str: 12    XL:     4   Next: 7%
Magic:  5/5        EV: 11    Int: 13    God:
Gold:   83         SH:  0    Dex: 14    Spells: 4/5 levels left

rFire   . . .        Y - +2 sling
rCold   . . .        (no shield)
rNeg    + . .        a - +0 leather armour
rPois   inf          (no helmet)
rElec   +            (no cloak)
rCorr   .            f - +1 pair of gloves
SInv    .            (no boots)
Will    .....        (no amulet)
Stlth   +            (no ring)
HPRegen 0.24/turn    (no ring)
MPRegen 0.09/turn

%: no passive effects
@: no status effects
A: sickness immunity, AC +3, negative energy resistance 1, electricity
resistance, torment resistance 1, petrification resistance
a: no special abilities


You were on level 3 of the Dungeon.
You visited 1 branch of the dungeon, and saw 3 of its levels.

You collected 83 gold pieces.


Innate Abilities, Weirdness & Mutations

You are immune to sickness and miasma.
Your stone body is resilient. (AC +3)
You are immune to poison.
You resist negative energy. (rN+)
You are resistant to electric shocks. (rElec)
You are resistant to unholy torment.
You are immune to petrification.


   Skills:
 - Level 2.0 Fighting
 + Level 3.9 Ranged Weapons
 - Level 1.5 Dodging
 - Level 1.0 Spellcasting
 - Level 2.6 Hexes


You had 4 spell levels left.
You knew the following spells:

 Your Spells              Type           Power      Damage    Failure   Level
a - Slow                  Hex            28%        N/A       12%         1

Your spell library contained the following spells:

 Spells                   Type           Power      Damage    Failure   Level
 Inner Flame              Hex/Fire       4%         N/A       52%         3
 Portal Projectile        Hex/Tloc       8%         N/A       52%         3
 Cause Fear               Hex            3%         N/A       75%         4

Inventory:

Hand Weapons
 Y - a +2 sling (weapon)
Armour
 a - a +0 leather armour (worn)
 c - a +0 ring mail
 f - a +1 pair of gloves (worn)
Potions
 b - a potion of berserk rage {unknown}
 d - 2 potions of curing
 e - a potion of might {unknown}
 g - a potion of ambrosia {unknown}
 h - a potion of invisibility {unknown}

Dungeon Overview and Level Annotations

Branches:
Dungeon (3/15)

Altars:
Dithmenos


Message History

Found a robe.
Enter note:
Enter note: You now have 83 gold pieces (gained 6).
A black bear comes into view.
The black bear growls angrily.
Enter note:
Enter note: You shoot a sling bullet.
The sling bullet hits the black bear!
The black bear is moderately wounded.
You shoot a sling bullet. The sling bullet hits the black bear!
The black bear is heavily wounded.
You shoot a sling bullet.
The sling bullet hits the black bear but does no damage.
The black bear is heavily wounded.
The black bear bites you. The black bear barely misses you.
The black bear claws you.
You shoot a sling bullet. The sling bullet hits the black bear.
The black bear is severely wounded.
The black bear completely misses you.
The black bear claws you but does no damage. x2
You shoot a sling bullet.
The sling bullet barely misses the black bear.
The black bear barely misses you. The black bear claws you.
The black bear misses you.
You shoot a sling bullet. The sling bullet hits the black bear.
The black bear is severely wounded.
The black bear barely misses you. The black bear claws you.
The black bear misses you. The black bear bites you.
The black bear claws you but does no damage.
The black bear claws you.
You shoot a sling bullet. The sling bullet hits the black bear.
The black bear is severely wounded.
The black bear goes berserk!
You shoot a sling bullet. The sling bullet hits the black bear.
The black bear is almost dead.
The black bear bites you. The black bear claws you.
The black bear closely misses you. The black bear bites you.
The black bear claws you.
You die...

#############.###.####..
....................?...
################..#####.
#.....[.. #.####### #.#
#.# #.# #@# #.h......
#########


You could see a black bear (berserk).

Vanquished Creatures
  3 adders
  A dart slug (D:1)
  4 ball pythons
  5 endoplasms
  3 giant cockroaches
  2 goblins (D:1)
  2 hobgoblins
  A quokka (D:1)
  4 bats
  3 frilled lizards
  3 kobolds
  2 rats
33 creatures vanquished.

Notes
Turn   | Place    | Note
-------+----------+-------------------------------------------
     0 | D:1      | qw the Gargoyle Hexslinger began the quest for the Orb.
     0 | D:1      | Reached XP level 1. HP: 12/12 MP: 2/2
     0 | D:1      | 0 ||| qw: Version: 0.3-a-51-g015441d
     0 | D:1      | 0 ||| qw: Game counter: 4236
     0 | D:1      | 0 ||| qw: Melee chars always use a shield: true
     0 | D:1      | 0 ||| qw: God list: Okawaru
     0 | D:1      | 0 ||| qw: Allow faded altars: false
     0 | D:1      | 0 ||| qw: Do Orc after clearing Dungeon:15 true
     0 | D:1      | 0 ||| qw: Do second Lair branch before Depths: true
     0 | D:1      | 0 ||| qw: Lair rune preference: random
     0 | D:1      | 0 ||| qw: Goals: Normal
     0 | D:1      | 0 ||| PLANNING D:1-11
    42 | D:1      | HP: 3/12 [bat (1)]
   152 | D:1      | Reached XP level 2. HP: 15/16 MP: 3/3
   302 | D:1      | Reached skill level 3 in Ranged Weapons
   335 | D:1      | You fall into a shaft and drop 1 floor!
   413 | D:2      | 413 ||| UPGRADING to +0 pair of gloves.
   418 | D:2      | 418 ||| READING scroll labelled QAGEOZ AJYO.
   419 | D:2      | 419 ||| READING scroll labelled HEMUFI CUEDYEK.
   423 | D:2      | 423 ||| READING scroll labelled TITWUEDAAKK.
   424 | D:2      | 424 ||| DRINKING 2 purple potions.
   425 | D:2      | 425 ||| DROPPING scroll of poison.
   870 | D:1      | Reached XP level 3. HP: 21/21 MP: 4/4
   960 | D:1      | 960 ||| UPGRADING to +0 leather armour.
   970 | D:1      | 970 ||| DROPPING +0 robe.
   971 | D:1      | 971 ||| UPGRADING to +1 pair of gloves.
   981 | D:1      | 981 ||| DROPPING +0 pair of gloves.
   982 | D:1      | 982 ||| READING scroll labelled BOH HOMELOFEA.
   983 | D:1      | 983 ||| READING scroll labelled HOBRAO QOTT.
  1150 | D:2      | Found a shadowy altar of Dithmenos.
  1629 | D:2      | 1629 ||| READING scroll labelled VUCLIFFEBLE.
  1630 | D:2      | 1630 ||| READING scroll labelled CANNOIR ZINLA.
  1631 | D:2      | 1631 ||| READING scroll labelled XYSOM KEAKY.
  1803 | D:3      | Reached XP level 4. HP: 26/26 MP: 5/5
  1811 | D:3      | Noticed a black bear
  1819 | D:3      | HP: 6/26 [black bear (3)]
  1819 | D:3      | HP: 1/26 [black bear (2)]
  1819 | D:3      | Slain by a black bear

Levels and vault maps discovered:
D:1:      lightli_arrival_boilingwater, layout_basic, minmay_pentomino_u4
D:2:      layout_basic, basic_altar
D:3:      minmay_inner_zag, layout_loops_ring, mainiacjoe_overflow_24_doors,
          nicolae_wormholes

Skill      XL: |  1  2 |
---------------+-------+-----
Ranged Weapons | 3 |  3.9
Fighting       | 2 |  2.0
Dodging        | |  1.5
Spellcasting   | |  1.0
Hexes          | |  2.6

Action                     |  1- 3 |  4- 6 || total
---------------------------+-------+-------++-------
   Fire: Sling             |   142 |     8 ||   150
    Use: Scroll            |     8 |       ||     8
         Potion            |     1 |       ||     1
 Armour: Robe              |    19 |       ||    19
         Leather armour    |     9 |     3 ||    12
  Dodge: Dodged            |    55 |     7 ||    62

Table legend:
 A = Non-vault XP
 B = Vault XP
 C = Vault XP percentage of total XP
 D = Non-vault monster count
 E = Vault monster count
 F = Vault count percentage of total count
                 A         B        C        D         E       F
            +---------+---------+-------+---------+---------+-------
      Total |      81 |       7 |   8.0 |      29 |       4 |  12.1
            +---------+---------+-------+---------+---------+-------
        D:1 |      23 |       7 |  23.3 |      14 |       4 |  22.2
        D:2 |      44 |       0 |   0.0 |      13 |       0 |   0.0
        D:3 |      14 |       0 |   0.0 |       2 |       0 |   0.0
            +---------+---------+-------+---------+---------+-------
